 Dungeon Crawl Stone Soup version 0.20-a0-1122-gb7cbeb9 (webtiles) character file.

98 Lochraine the Conjurer (level 4, 0/33 HPs)
             Began as a Draconian Conjurer on May 12, 2017.
             Succumbed to a scorpion's poison
             ... on level 3 of the Dungeon.
             The game lasted 00:05:03 (2021 turns).

Lochraine the Conjurer (Draconian Conjurer)         Turns: 2021, Time: 00:05:03

Health: 0/33       AC:  6    Str: 10    XL:     4   Next: 43%
Magic:  1/9        EV: 12    Int: 17    God:
Gold:   77         SH:  0    Dex: 11    Spells: 2/9 levels left

rFire    + . .     SeeInvis .   o - +1 hand axe
rCold    + . .     Gourm    .   (no shield)
rNeg     . . .     Faith    .   (armour unavailable)
rPois    +         Spirit   .   (helmet restricted)
rElec    +         Reflect  .   (no cloak)
rCorr    +         Harm     .   m - +0 pair of gloves
MR       .....                  (no boots)
Stlth    ++........             (no amulet)
Regen    0.2/turn               g - ring of resist corrosion
MPRegen  0.2/turn               (no ring)

@: lethally poisoned (0 -> -6), resistant, very slightly contaminated, hasted,
invisible, very quick
A: unfitting armour, cold-blooded, AC +5
a: no special abilities


You were on level 3 of the Dungeon.
You were not hungry.

You visited 1 branch of the dungeon, and saw 3 of its levels.

You collected 77 gold pieces.

Inventory:

Hand Weapons
 e - a +0 dagger
   (You took it off a goblin on level 1 of the Dungeon)
 o - a +1 hand axe (weapon)
   (You found it on level 2 of the Dungeon)
Armour
 m - a +0 pair of gloves (worn)
   (You found it on level 2 of the Dungeon)
Jewellery
 g - a ring of resist corrosion (left hand)
   (You found it on level 1 of the Dungeon)
Wands
 v - a wand of digging (24/24)
   (You found it on level 2 of the Dungeon)
Potions
 i - a potion of resistance
 l - a potion of magic
Books
 a - a book of Conjurations
Comestibles
 d - a royal jelly
 q - 2 bread rations


   Skills:
 - Level 1.7 Dodging
 - Level 1.7 Stealth
 + Level 3.3 Spellcasting
 + Level 5.1 Conjurations


You had 2 spell levels left.
You knew the following spells:

 Your Spells              Type           Power        Failure   Level  Hunger
a - Magic Dart            Conj           ###.         1%          1    None
b - Searing Ray           Conj           ###...       3%          2    ##.....
c - Iskenderun's Mystic   Conj           ###.....     21%         4    ####...


Dungeon Overview and Level Annotations

Branches:
Dungeon (3/15)

Altars:

Annotations:
D:2 Sigmund


Innate Abilities, Weirdness & Mutations

Your plain brown scales are hard. (AC +5)
You cannot fit into any form of body armour.
You are cold-blooded and may be slowed by cold attacks.


Message History

The scorpion misses you.
Unknown command.
You feel yourself speed up.
* * * LOW HITPOINT WARNING * * *
You feel sick.
The scorpion stings you but does no damage.
Unknown command.
Unknown command.
Found 13 gold pieces.
* * * LOW HITPOINT WARNING * * *
You feel sick.
Put on which piece of jewellery? (? for menu, Esc to quit)
g - a ring of resist corrosion (left hand)
A hobgoblin comes into view.
* * * LOW HITPOINT WARNING * * *
You feel sick.
Unknown command.
Blink to where?
As you read the scroll labeled TIYTWOISHIAQO, it crumbles to dust.
It was a scroll of blinking.
As you read the scroll labeled IZAUDY ZOTT, it crumbles to dust.
You feel blessed for a moment.
It was a scroll of remove curse.
* * * LOW HITPOINT WARNING * * *
You feel sick.
Unknown command.
As you read the scroll labeled HUADUP YGYNAL, it crumbles to dust.
It is a scroll of enchant weapon.
Your +0 hand axe glows red for a moment.
You feel protected.
* * * LOW HITPOINT WARNING * * *
You feel sick.
Unknown command.
Okay, then.
As you read the scroll labeled BUN ETWIOMO, it crumbles to dust.
It is a scroll of recharging.
Charge which item? (? for menu, Esc to quit)
Your wand of digging (?/24) glows for a moment.
The scorpion barely misses you.
Aim: a scorpion (moderately wounded)
The magic dart hits the scorpion.
You don't have enough magic to cast that spell.
Unknown command.
Unknown command.
You barely miss the scorpion.
* * * LOW HITPOINT WARNING * * *
You feel sick. The scorpion closely misses you.
You barely miss the scorpion. The scorpion closely misses you.
Unknown command.
You closely miss the scorpion.
You die...

#..... #
##.....#####.#
.......%.....#
.####...<.####
#.###.#########
#.#.....$.....g
#.#.#.#########
#...s.# #..@..#
#######


You could see a scorpion.

Vanquished Creatures
  4 adders
  A worm (D:2)
  2 dart slugs
  2 leopard geckos (D:1)
  A ball python (D:3)
  A giant cockroach (D:1)
  2 goblins (D:1)
  4 hobgoblins (D:1)
  7 jackals (D:1)
  A quokka (D:2)
  6 bats
  3 frilled lizards
  3 kobolds (D:2)
  18 rats
55 creatures vanquished.

Notes
Turn   | Place    | Note
-------+----------+-------------------------------------------
     0 | D:1      | Lochraine the Draconian Conjurer began the quest for the Orb.
     0 | D:1      | Reached XP level 1. HP: 14/14 MP: 3/3
    91 | D:1      | Reached XP level 2. HP: 15/20 MP: 1/5
   337 | D:1      | Learned a level 2 spell: Searing Ray
   715 | D:1      | Reached XP level 3. HP: 25/26 MP: 0/7
  1147 | D:2      | Noticed Sigmund
  1557 | D:2      | Reached XP level 4. HP: 33/33 MP: 5/8
  1810 | D:2      | Reached skill level 5 in Conjurations
  1817 | D:2      | Learned a level 4 spell: Iskenderun's Mystic Blast
  2016 | D:3      | HP: 1/33 [poisoned by a scorpion]
  2021 | D:3      | Succumbed to a scorpion's poison

Vault maps used:
D:1:      erik_arrival_orb_chamber
D:2:      minmay_door_path, chequers_ecumenical_altar_simple, uniq_sigmund
D:3:      nicolae_overflow_hidden_temple, feat_on_display

Skill      XL: |  1  2  3  4 |
---------------+-------------+-----
Spellcasting   | 3 |  3.3
Conjurations   | 5 |  5.1
Dodging        | |  1.7
Stealth        | |  1.7

Action                   |  1- 3 |  4- 6 || total
-------------------------+-------+-------++-------
Melee: Unarmed           |    44 |       ||    44
       Tailslap          |    13 |       ||    13
       Dagger            |    81 |    13 ||    94
       Hand axe          |       |    21 ||    21
 Cast: Magic Dart        |    40 |    11 ||    51
       Searing Ray       |     2 |     1 ||     3
  Use: Potion            |       |     6 ||     6
       Scroll            |       |     4 ||     4
 Stab: Sleeping          |     3 |       ||     3
  Eat: Chunk             |     3 |     1 ||     4
Armor: Skin              |    46 |    29 ||    75
Dodge: Dodged            |    95 |    52 ||   147
